 Dungeon Crawl Stone Soup version 0.21.1-1-g345015f (webtiles) character file.

224 n0claF the Firebug (level 5, -1/41 HPs)
             Began as a Draconian Fire Elementalist on July 4, 2018.
             Slain by Crazy Yiuf
             ... wielding a +4 quarterstaff of chaos
              (10 damage)
             ... on level 3 of the Dungeon.
             The game lasted 00:10:41 (3105 turns).

n0claF the Firebug (Draconian Fire Elementalist)    Turns: 3105, Time: 00:10:42

Health: -1/41      AC:  5    Str: 11    XL:     5   Next: 67%
Magic:  2/9        EV: 12    Int: 16    God:
Gold:   156        SH:  0    Dex: 11    Spells: 5/9 levels left

rFire    . . .     SeeInvis .   d - +1 hunting sling
rCold    . . .     Gourm    .   (no shield)
rNeg     . . .     Faith    .   (armour unavailable)
rPois    .         Spirit   .   (helmet restricted)
rElec    .         Reflect  .   (no cloak)
rCorr    .         Harm     .   (no gloves)
MR       .....                  (no boots)
Stlth    ++........             (no amulet)
HPRegen  0.13/turn              (no ring)
MPRegen  0.11/turn              (no ring)

@: lethally poisoned (-1 -> -3)
A: unfitting armour, cold-blooded, AC +5
a: no special abilities


You were on level 3 of the Dungeon.
You were hungry.

You visited 1 branch of the dungeon, and saw 3 of its levels.
You also visited: Sewer.

You collected 156 gold pieces.

Inventory:

Hand Weapons
 d - a +1 hunting sling (weapon)
   (You found it on level 1 of the Dungeon)
Missiles
 h - 150 stones (quivered)
 j - 9 poisoned needles
Jewellery
 s - an uncursed ring of protection from cold {unknown}
   (You found it in a sewer)
Scrolls
 m - 2 scrolls of enchant weapon
 n - a scroll of noise {!r}
 o - a scroll of identify {@r1}
 p - a scroll of immolation {unknown}
 r - a scroll of fear {unknown}
Potions
 c - a potion of haste {unknown}
 f - 3 potions of curing {@q1}
 g - 3 potions of degeneration {unknown}
 i - a potion of heal wounds {@q2}
 k - 2 potions of lignification {unknown}
 l - a potion of invisibility {unknown}
 q - a potion of brilliance {unknown}
 t - a potion of berserk rage {unknown}
Books
 a - a book of Flames
Comestibles
 e - 8 rations {!d}


   Skills:
 + Level 2.1 Fighting
 - Level 1.7 Dodging
 - Level 1.7 Stealth
 + Level 2.8 Spellcasting
 * Level 3.3 Conjurations
 * Level 4.4 Fire Magic


You had 5 spell levels left.
You knew the following spells:

 Your Spells              Type           Power        Failure   Level  Hunger
a - Flame Tongue          Conj/Fire      ##...        3%          1    #......
d - Conjure Flame         Conj/Fire      ##......     12%         3    ###....


Dungeon Overview and Level Annotations

Branches:
Dungeon (3/15)

Altars:

Annotations:
D:3 Crazy Yiuf


Innate Abilities, Weirdness & Mutations

Your plain brown scales are hard. (AC +5)
You cannot fit into any form of body armour.
You are cold-blooded and may be slowed by cold attacks.


Message History

Aim: Crazy Yiuf, wielding a quarterstaff of chaos and wearing a cloak (moderately wounded)
You shoot a stone. The stone completely misses Crazy Yiuf.
Crazy Yiuf laughs, "Shadow Xom dark!"
Aim: Crazy Yiuf, wielding a quarterstaff of chaos and wearing a cloak (moderately wounded)
You shoot a stone. The stone closely misses Crazy Yiuf.
Aim: Crazy Yiuf, wielding a quarterstaff of chaos and wearing a cloak (moderately wounded)
You shoot a stone. The stone closely misses Crazy Yiuf.
Crazy Yiuf yells, "Pitchfork!
Island illywillydillykilly King."
Crazy Yiuf misses you.
Aim: Crazy Yiuf, wielding a quarterstaff of chaos and wearing a cloak (moderately wounded)
You shoot a stone. The stone closely misses Crazy Yiuf.
Crazy Yiuf barely misses you.
Aim: Crazy Yiuf, wielding a quarterstaff of chaos and wearing a cloak (moderately wounded)
The flame tongue hits Crazy Yiuf.
Crazy Yiuf waves his quarterstaff at you.
Crazy Yiuf hits you with a quarterstaff of chaos.
Aim: Crazy Yiuf, wielding a quarterstaff of chaos and wearing a cloak (severely wounded)
You shoot a stone.
The stone hits Crazy Yiuf but does no damage.
Crazy Yiuf says, "Gnoll!"
Crazy Yiuf hits you with a quarterstaff of chaos.
Aim: Crazy Yiuf, wielding a quarterstaff of chaos and wearing a cloak (severely wounded)
You shoot a stone. The stone hits Crazy Yiuf.
Crazy Yiuf drinks a potion.
Crazy Yiuf is healed!
Aim: Crazy Yiuf, wielding a quarterstaff of chaos and wearing a cloak The flame tongue misses Crazy Yiuf.
Crazy Yiuf hits you with a quarterstaff of chaos!
Aim: Crazy Yiuf, wielding a quarterstaff of chaos and wearing a cloak You shoot a stone.
The stone hits Crazy Yiuf.
Crazy Yiuf hits you with a quarterstaff of chaos.
* * * LOW HITPOINT WARNING * * *
You are poisoned.
You feel sick.
You feel sick.
You feel sick.
You feel sick.
You feel sick.
Crazy Yiuf screams, "Snower!"
You feel sick.
You feel sick.
You feel sick.
You feel sick.
There is an escape hatch in the ceiling here.
Really go through this one-way escape hatch?
Crazy Yiuf is nearby!
Unknown command.
Unknown command.
Really go through this one-way escape hatch?
Crazy Yiuf hits you with a quarterstaff of chaos!
You die...

.)...# #.............#).#..####
...#### #.............#..#.....#
......# #.............#..#.###.#
......############..........###.#
...........# ##.............#
...........# #..........####
...........# #..##......##..
...).[##############.##......##.#
###...# #.....@....##.........#
#...# #.....g.....#......####
#...# #..............##>.#..#
#...# #.....|........##.....#
##### #.....................<
#..............####....
#.........#....# ######
#.........##.#.# #.....
#..............###.###.


You could see Crazy Yiuf.

Vanquished Creatures
  A crocodile (Sewer)
  Terence (D:2)
  An adder (D:3)
  4 gnolls (D:3)
  A worm (D:3)
  2 dart slugs
  3 leopard geckos
  2 orcs (D:3)
  A giant cockroach (D:3)
  10 hobgoblins
  2 quokkas
  3 ball pythons
  12 bats
  3 frilled lizards
  2 goblins
  12 kobolds
  7 rats
67 creatures vanquished.

Notes
Turn   | Place    | Note
-------+----------+-------------------------------------------
     0 | D:1      | n0claF the Draconian Fire Elementalist began the quest for the Orb.
     0 | D:1      | Reached XP level 1. HP: 14/14 MP: 3/3
   440 | D:1      | Reached XP level 2. HP: 22/22 MP: 5/5
  1294 | D:2      | Reached skill level 1 in Fighting
  1294 | D:2      | Reached XP level 3. HP: 28/28 MP: 3/6
  1303 | D:2      | Learned a level 3 spell: Conjure Flame
  1399 | D:2      | Noticed Terence
  1441 | D:2      | Killed Terence
  1822 | D:2      | Reached XP level 4. HP: 35/35 MP: 7/7
  2079 | D:3      | Reached skill level 4 in Fire Magic
  2308 | D:3      | Reached XP level 5. HP: 41/41 MP: 5/8
  2438 | D:3      | Found a glowing drain.
  2450 | Sewer    | Entered a sewer
  2596 | Sewer    | Noticed a crocodile
  2606 | Sewer    | Killed a crocodile
  2900 | D:3      | Found a runed door.
  3063 | D:3      | Noticed Crazy Yiuf
  3105 | D:3      | Slain by Crazy Yiuf

Skill      XL: |  1  2  3  4  5 |
---------------+----------------+-----
Fighting       | 1 2 |  2.1
Conjurations   | 2 3 |  3.3
Fire Magic     | 4 |  4.4
Dodging        | |  1.7
Stealth        | |  1.7
Spellcasting   | |  2.8

Action                   |  1- 3 |  4- 6 || total
-------------------------+-------+-------++-------
Melee: Unarmed           |    19 |       ||    19
       Tailslap          |     3 |       ||     3
 Fire: Hunting sling     |    92 |    97 ||   189
 Cast: Flame Tongue      |    22 |    37 ||    59
       Conjure Flame     |     1 |     1 ||     2
  Use: Scroll            |       |     7 ||     7
  Eat: Chunk             |     3 |     4 ||     7
Armor: Skin              |    20 |    27 ||    47
Dodge: Dodged            |    40 |    43 ||    83
